 Dungeon Crawl Stone Soup version 0.31-a0-1522-g43313d8a59 (webtiles) character file.

Game seed: 7975938753912734993

6 AstroCodex24 the Trooper (level 1, 0/19 HPs)
             Began as a Barachi Fighter on Dec 31, 2023.
             Succumbed to an adder's poison
             ... on level 2 of the Dungeon.
             The game lasted 00:00:38 (95 turns).

AstroCodex24 the Trooper (Barachi Fighter)            Turns: 95, Time: 00:00:38

Health: 0/19       AC:  6    Str: 17    XL:     1   Next: 90%
Magic:  1/1        EV:  9    Int:  8    God:
Gold:   0          SH:  4    Dex: 11    Spells: 0/0 levels left

rFire   . . .        f - +1 war axe (elec)
rCold   . . .        c - +0 buckler
rNeg    . . .        b - +0 scale mail
rPois   .            (no helmet)
rElec   .            (no cloak)
rCorr   .            (no gloves)
SInv    .            (no boots)
Will    .....        (no amulet) Stlth
                     (no ring)
HPRegen 0.23/turn    (no ring)
MPRegen 0.07/turn

%: no passive effects
@: lethally poisoned (0 -> -3), slow
A: amphibious, slowness 1, strong legs 1, +LOS
a: Hop


You were on level 2 of the Dungeon.
You visited 1 branch of the dungeon, and saw 2 of its levels.

Inventory:

Hand Weapons
 a - a +0 war axe
 f - a +1 war axe of electrocution (weapon)
Armour
 b - a +0 scale mail (worn)
 c - a +0 buckler (worn)
Potions
 d - a potion of might
 e - 2 potions of attraction {unknown}


   Skills:
 + Level 3.9 Fighting
 + Level 2.3 Axes
 + Level 3.6 Armour
 + Level 3.4 Shields


You couldn't memorise any spells.
You didn't know any spells.
Your spell library was empty.

Dungeon Overview and Level Annotations

Branches:
Dungeon (2/15)

Altars:


Innate Abilities, Weirdness & Mutations

You are amphibious.
You cover ground slowly.
You can hop short distances.
You have an extended range of vision and can be seen from far away.


Message History

You block the adder's attack.
You barely miss the adder. You slash the endoplasm!
You kill the endoplasm!
The adder bites you but does no damage. x2
You closely miss the adder. The adder bites you but does no damage.
A frilled lizard comes into view.
The adder misses you.
You miss the adder. You closely miss the frilled lizard.
The adder closely misses you. The frilled lizard bites you.
You closely miss the adder. You closely miss the frilled lizard.
You block the adder's attack.
The frilled lizard bites you but does no damage.
The adder bites you.
You are poisoned.
The adder poisons you! The frilled lizard bites you.
You barely miss the adder. You barely miss the frilled lizard.
You feel very sick. The adder bites you but does no damage.
You block the adder's attack. You block the frilled lizard's attack.
You closely miss the adder. You miss the frilled lizard.
You feel sick. The adder closely misses you.
You block the frilled lizard's attack. The adder bites you.
You are lethally poisoned!
The adder poisons you!
You miss the adder. You barely miss the frilled lizard.
* * * LOW HITPOINT WARNING * * *
You feel very sick. You block the frilled lizard's attack.
The adder completely misses you. The frilled lizard barely misses you.
You block the adder's attack.
You miss the adder. You slash the frilled lizard!
You kill the frilled lizard!
* * * LOW HITPOINT WARNING * * *
You feel very sick.
The adder bites you but does no damage. x2
You barely miss the adder.
* * * LOW HITPOINT WARNING * * *
You feel sick. The adder bites you but does no damage.
The adder closely misses you.
You closely miss the adder.
You die...

# # ##. .## ..#
# # #..##
#.#.#.#.# .
#.#(#.# .
#$.[## .#
#@#.##.#
#S#.#.#.# .
#.###.#..##.#
#..#####.....(#
##.......####.#
##..##...#
.........#
######.#.#
#....#.#


You could see an adder.

Vanquished Creatures
  2 endoplasms (D:2)
  A hobgoblin (D:1)
  A ball python (D:2)
  2 frilled lizards
6 creatures vanquished.

Notes
Turn   | Place    | Note
-------+----------+-------------------------------------------
     0 | D:1      | AstroCodex24 the Barachi Fighter began the quest for the
                  | Orb.
     0 | D:1      | Reached XP level 1. HP: 18/18 MP: 1/1
    95 | D:2      | Succumbed to an adder's poison

Illustrated notes

Levels and vault maps discovered:
D:1:      saegor_arrival_simple_a, layout_rooms, chequers_serial_rivers_micro_e,
          minmay_hexomino_u4
D:2:      layout_basic, basic_altar, minmay_circle_x, uniq_jessica, uniq_robin

Action                     || total
---------------------------++-------
  Melee: War axe           ||    26
 Armour: Scale mail        ||    27
  Dodge: Dodged            ||     9
  Block: Buckler           ||    13

Table legend: (Time is in decaauts)
 A = Elapsed time spent in this place.
 B = Non-inter-level travel time spent in this place.
 C = Inter-level travel time spent in this place.
 D = Time resting spent in this place.
 E = Time spent auto-exploring this place.
 F = Levels seen in this place.
 G = Mean time per level.
                   A        B        C        D        E       F      G
               +--------+--------+--------+--------+--------+-----+--------+
         Total |    118 |    118 |      0 |      0 |      0 |   2 |   59.0 |
       Dungeon |    118 |    118 |      0 |      0 |      0 |   2 |   59.0 |
               +--------+--------+--------+--------+--------+-----+--------+

Top non-repeatable levels by time:
     D:2: 88 daAuts
     D:1: 29 daAuts
